[Event "ICC tourney 2287 (60 10)"]
[Site "Internet Chess Club"]
[Date "2021.01.09"]
[Round "2"]
[White "angelinachess"]
[Black "MiaTbim"]
[Result "1-0"]
[ICCResult "Black checkmated"]
[WhiteElo "1197"]
[BlackElo "1007"]
[Opening "Sicilian: Alapin's variation (2.c3)"]
[ECO "B22"]
[NIC "SI.46"]
[Time "13:06:24"]
[PlyCount "181"]
[TimeControl "3600+10"]

1. e4 c5 2. c3 d6 3. Nf3 Nf6 4. d3 g6 5. Be3 Bg7 6. Nbd2 O-O 7. Be2 Nc6 8.
O-O Bd7 9. a3 b5 10. d4 cxd4 11. cxd4 a6 12. Bd3 Bg4 13. h3 Bxf3 14. Nxf3
Rc8 15. Rc1 Nd7 16. a4 Qa5 17. b3 bxa4 18. bxa4 Nb4 19. Ra1 Nxd3 20. Qxd3
Nb8 21. Ra3 Nc6 22. Bd2 Qb6 23. a5 Qa7 24. Be3 Qb7 25. Rb1 Qc7 26. Qxa6 Ra8
27. Qc4 Rfc8 28. a6 Nb8 29. Qd5 Nxa6 30. Ng5 Rf8 31. Nxf7 e6 32. Nh6+ Bxh6
33. Qxe6+ Kg7 34. Qd5 Bxe3 35. Rb7 Bxf2+ 36. Kh2 Kh8 37. Rxc7 Nxc7 38. Qa2
Rxa3 39. Qxa3 Rd8 40. d5 Bc5 41. Qf3 Re8 42. Qf7 Rc8 43. h4 Bd4 44. Kh3 Bg7
45. g4 Rf8 46. Qxc7 Rf3+ 47. Kg2 Rf8 48. Qxd6 Rg8 49. Kg3 Re8 50. Kh3 Rf8
51. e5 Re8 52. e6 Bf6 53. Qd7 Re7 54. Qd8+ Kg7 55. g5 h6 56. gxf6+ Kxf6 57.
Qf8+ Ke5 58. Qxe7 Kxd5 59. Qh7 Kxe6 60. Qxg6+ Kd5 61. Qxh6 Kd4 62. Qe6 Kd3
63. Qe5 Kd2 64. Qe4 Kd1 65. Qe3 Kc2 66. Qd4 Kc1 67. Qd3 Kb2 68. Qc4 Kb1 69.
Qc2+ Kxc2 70. h5 Kd3 71. Kg4 Ke4 72. Kg5 Ke5 73. Kg6 Ke6 74. Kg7 Ke7 75. h6
Ke8 76. h7 Ke7 77. h8=Q Ke6 78. Qh5 Kd6 79. Qf5 Kc6 80. Qe5 Kb6 81. Qd5 Ka6
82. Qc5 Kb7 83. Qd6 Kc8 84. Qe7 Kb8 85. Qd7 Ka8 86. Kf6 Kb8 87. Ke6 Ka8 88.
Kd6 Kb8 89. Kc6 Ka8 90. Kb6 Kb8 91. Qb7# { Black checkmated } 1-0

[Event "ICC tourney 2287 (60 10)"]
[Site "Internet Chess Club"]
[Date "2021.01.09"]
[Round "2"]
[White "pusheen2019"]
[Black "chessrani20"]
[Result "1-0"]
[ICCResult "Black checkmated"]
[WhiteElo "1499"]
[BlackElo "1095"]
[Opening "Sicilian: Alapin's variation (2.c3)"]
[ECO "B22"]
[NIC "SI.46"]
[Time "13:05:34"]
[PlyCount "171"]
[TimeControl "3600+10"]

1. e4 c5 2. c3 e6 3. d4 d5 4. exd5 exd5 5. Nf3 Nf6 6. Be3 c4 7. Be2 Nc6 8.
O-O Bd6 9. Qc2 O-O 10. b3 b5 11. Re1 Re8 12. Nbd2 Qe7 13. Bg5 Qd8 14. Nf1
h6 15. Bh4 Be7 16. bxc4 bxc4 17. Ne3 Ne4 18. Bxe7 Rxe7 19. Rab1 Be6 20.
Bxc4 dxc4 21. Qxe4 Bd7 22. Qf4 Be6 23. Red1 Bd5 24. Rb5 Bxf3 25. Qxf3 Rc8
26. Rd5 Rd7 27. Rxd7 Qxd7 28. Nxc4 Re8 29. Ne3 Ne7 30. h3 Rd8 31. c4 Nc6
32. d5 Ne5 33. Qe4 Re8 34. Qc2 Rc8 35. c5 Qc7 36. c6 g6 37. Rc1 Qd6 38. Qd1
f5 39. Nc2 Nc4 40. Na1 Nb6 41. Nb3 Qxd5 42. Qxd5+ Nxd5 43. Nd4 Kf7 44. Nb5
Ke7 45. Nxa7 Rc7 46. Nb5 Rc8 47. a3 Kd8 48. Kf1 Ne7 49. c7+ Kd7 50. Ke2 Nd5
51. Rd1 Ke6 52. Rc1 Kd7 53. Kd3 Nxc7 54. Nxc7 Rxc7 55. Rxc7+ Kxc7 56. Kd4
Kd6 57. a4 g5 58. a5 f4 59. a6 Kc7 60. Ke5 Kb6 61. Kf6 Kxa6 62. Kg6 Kb6 63.
Kxh6 Kc6 64. Kxg5 Kd6 65. Kxf4 Ke6 66. Kg5 Kf7 67. Kh6 Kg8 68. f4 Kh8 69.
g4 Kg8 70. g5 Kh8 71. g6 Kg8 72. g7 Kf7 73. Kh7 Kf6 74. g8=Q Kf5 75. Qg5+
Ke6 76. Qe5+ Kf7 77. f5 Kf8 78. Qg7+ Ke8 79. f6 Kd8 80. f7 Kd7 81. f8=Q+
Ke6 82. Qge7+ Kd5 83. Qfd8+ Kc6 84. Qec7+ Kb5 85. Qdb8+ Ka4 86. Qca7# {
Black checkmated } 1-0

[Event "ICC tourney 2287 (60 10)"]
[Site "Internet Chess Club"]
[Date "2021.01.09"]
[Round "3"]
[White "angelinachess"]
[Black "cherrychopper"]
[Result "0-1"]
[ICCResult "White checkmated"]
[WhiteElo "1197"]
[BlackElo "1380"]
[Opening "Four knights: Scotch, 4...exd4"]
[ECO "C47"]
[NIC "KP.06"]
[Time "16:02:13"]
[PlyCount "56"]
[TimeControl "3600+10"]

1. e4 e5 2. Nf3 Nc6 3. Nc3 Nf6 4. d4 exd4 5. Nxd4 Bb4 6. Nxc6 bxc6 7. Bd3
d5 8. Bg5 dxe4 9. Bxf6 Qxf6 10. Bxe4 Bxc3+ 11. bxc3 Qxc3+ 12. Ke2 Ba6+ 13.
Bd3 Bxd3+ 14. cxd3 O-O 15. Re1 Rad8 16. Rc1 Rfe8+ 17. Kf1 Rxe1+ 18. Qxe1
Qxd3+ 19. Qe2 Qd6 20. g3 Qd5 21. Qe7 Rb8 22. Qxc7 Qh1+ 23. Ke2 Re8+ 24. Kd2
Qd5+ 25. Kc2 Qxa2+ 26. Kd3 Qd5+ 27. Kc2 Re2+ 28. Kb1 Qa2# { White
checkmated } 0-1

[Event "ICC tourney 2287 (60 10)"]
[Site "Internet Chess Club"]
[Date "2021.01.09"]
[Round "3"]
[White "chessamongus"]
[Black "Il123"]
[Result "1-0"]
[ICCResult "Black checkmated"]
[WhiteElo "1705"]
[BlackElo "1461"]
[Opening "Scandinavian (center counter) defense"]
[ECO "B01"]
[NIC "VO.17"]
[Time "16:02:05"]
[PlyCount "51"]
[TimeControl "3600+10"]

1. e4 d5 2. exd5 Qxd5 3. Nf3 Nf6 4. d4 c6 5. Be2 Qa5+ 6. Bd2 Qc7 7. O-O Bf5
8. c4 e6 9. Nc3 Bd6 10. Rc1 Nbd7 11. a3 a5 12. Qb3 O-O 13. d5 Nc5 14. Qd1
exd5 15. cxd5 cxd5 16. b4 axb4 17. axb4 Na6 18. Nxd5 Qd8 19. Bg5 Nxb4 20.
Nxf6+ gxf6 21. Bh6 Re8 22. Nh4 Bg6 23. Nxg6 fxg6 24. Qb3+ Kh8 25. Qf7 Qe7
26. Bg7# { Black checkmated } 1-0

[Event "ICC tourney 2287 (60 10)"]
[Site "Internet Chess Club"]
[Date "2021.01.09"]
[Round "3"]
[White "fluffyfloofers"]
[Black "SAanjyu"]
[Result "1-0"]
[ICCResult "Black checkmated"]
[WhiteElo "1157"]
[BlackElo "1125"]
[Opening "Sicilian: Najdorf, Byrne (English) attack"]
[ECO "B90"]
[NIC "SI.14"]
[Time "16:02:01"]
[PlyCount "105"]
[TimeControl "3600+10"]

1. e4 c5 2. Nf3 d6 3. d4 cxd4 4. Nxd4 Nf6 5. Nc3 a6 6. Be3 e5 7. Nf3 Be7 8.
Be2 O-O 9. O-O b5 10. a3 Bb7 11. Bd3 Nc6 12. Qd2 d5 13. exd5 Nxd5 14. Nxd5
Qxd5 15. Bxh7+ Kxh7 16. Qxd5 Na5 17. Qxe5 Bf6 18. Qg3 Kg8 19. Bd4 Bxd4 20.
Nxd4 Nc4 21. b3 Nd2 22. Rfe1 Ne4 23. Qe3 Rfe8 24. Qd3 Rad8 25. f3 Nc5 26.
Rxe8+ Rxe8 27. Qf1 Nd7 28. Re1 Rf8 29. Qe2 Nf6 30. Rd1 Re8 31. Qd3 Rf8 32.
Re1 Nd5 33. Re5 Nf4 34. Qe3 Ng6 35. Re8 Rxe8 36. Qxe8+ Kh7 37. Qxf7 Bc8 38.
Nf5 Bxf5 39. Qxf5 Kh6 40. Kf2 Nh4 41. Qh3 Kg5 42. f4+ Kxf4 43. Qxh4+ Kf5
44. Kf3 g5 45. Qg4+ Kg6 46. h4 a5 47. Qxg5+ Kh7 48. Kf4 b4 49. axb4 axb4
50. Kf5 Kh8 51. Kf6 Kh7 52. Kf7 Kh8 53. Qh5# { Black checkmated } 1-0

[Event "ICC tourney 2287 (60 10)"]
[Site "Internet Chess Club"]
[Date "2021.01.09"]
[Round "3"]
[White "thihansa"]
[Black "bhavyat"]
[Result "1/2-1/2"]
[ICCResult "Game drawn because neither player has mating material"]
[WhiteElo "1231"]
[BlackElo "1475"]
[Opening "Scandinavian defense"]
[ECO "B01"]
[NIC "SD.03"]
[Time "16:01:59"]
[PlyCount "107"]
[TimeControl "3600+10"]

1. e4 d5 2. exd5 Nf6 3. Nc3 Nxd5 4. Nxd5 Qxd5 5. d4 Nc6 6. c3 Bf5 7. Nf3
O-O-O 8. Bd3 Bg4 9. Be2 e6 10. Be3 Be7 11. Qb3 Rhe8 12. Qxd5 Rxd5 13. O-O-O
Red8 14. h3 Bh5 15. c4 R5d7 16. a3 Bxf3 17. Bxf3 Nxd4 18. Bxd4 Rxd4 19. Be2
Rxd1+ 20. Rxd1 Rxd1+ 21. Kxd1 Kd7 22. Kd2 Bf6 23. b3 Kd6 24. Kd3 Bb2 25. a4
Bf6 26. b4 Bh4 27. c5+ Kd7 28. g3 Bf6 29. Kc4 c6 30. f4 e5 31. fxe5 Bxe5
32. g4 Ke6 33. b5 Kd7 34. Bf3 Kc7 35. a5 cxb5+ 36. Kxb5 Bc3 37. a6 bxa6+
38. Kxa6 Bd4 39. Kxa7 Bxc5+ 40. Ka6 Kd6 41. Be4 h6 42. Bf5 Ke5 43. h4 Bf2
44. h5 Kf6 45. Kb5 g6 46. hxg6 fxg6 47. Bc8 Kg5 48. Kc6 h5 49. gxh5 gxh5
50. Bd7 h4 51. Bc8 Kf4 52. Bd7 Kg3 53. Bc8 h3 54. Bxh3 { Game drawn because
neither player has mating material } 1/2-1/2

[Event "ICC tourney 2287 (60 10)"]
[Site "Internet Chess Club"]
[Date "2021.01.09"]
[Round "3"]
[White "phosur"]
[Black "MeeraBLab"]
[Result "1-0"]
[ICCResult "Black resigns"]
[WhiteElo "1347"]
[BlackElo "1177"]
[Opening "Sicilian: Kan, 5.Nc3"]
[ECO "B43"]
[NIC "SI.41"]
[Time "16:01:55"]
[PlyCount "61"]
[TimeControl "3600+10"]

1. e4 c5 2. Nf3 e6 3. d4 cxd4 4. Nxd4 a6 5. Nc3 Qc7 6. a3 Nf6 7. Be3 b5 8.
Be2 Bb7 9. f3 Be7 10. O-O O-O 11. Bd3 d5 12. Kh1 Nbd7 13. exd5 Nxd5 14.
Nxd5 Bxd5 15. f4 Qb7 16. Qg4 Nf6 17. Qh3 Rac8 18. Nf3 h6 19. f5 Be4 20.
fxe6 fxe6 21. Qxe6+ Kh8 22. Bxe4 Qxe4 23. Qxe4 Nxe4 24. c3 a5 25. Ne5 Nf6
26. Ng6+ Kh7 27. Nxf8+ Bxf8 28. Bd4 Ne4 29. Rf5 Rb8 30. Raf1 Bd6 31. Rf7 {
Black resigns } 1-0

[Event "ICC tourney 2287 (60 10)"]
[Site "Internet Chess Club"]
[Date "2021.01.09"]
[Round "3"]
[White "TigerSahi"]
[Black "PrincessOfChess"]
[Result "1-0"]
[ICCResult "Black resigns"]
[WhiteElo "1662"]
[BlackElo "1526"]
[Opening "QGD: exchange, positional line"]
[ECO "D35"]
[NIC "QO.16"]
[Time "16:02:01"]
[PlyCount "67"]
[TimeControl "3600+10"]

1. d4 Nf6 2. c4 e6 3. Nc3 d5 4. cxd5 exd5 5. Bg5 Be7 6. e3 O-O 7. Bd3 b6 8.
Qc2 g6 9. Nge2 Bb7 10. O-O a6 11. f3 Nbd7 12. e4 c5 13. dxc5 bxc5 14. exd5
Nxd5 15. Bxe7 Qxe7 16. Nxd5 Bxd5 17. Nc3 Bb7 18. Rfe1 Qf6 19. Be4 Bxe4 20.
Nxe4 Qb6 21. Rad1 Rad8 22. Rd6 Qa7 23. Rxd7 Rxd7 24. Nf6+ Kg7 25. Nxd7 Qxd7
26. Qxc5 Rc8 27. Qe5+ Kg8 28. Qe2 a5 29. Rd1 Qa4 30. a3 Re8 31. Qd3 Qc6 32.
Qc3 Qb5 33. b4 Qc5+ 34. bxc5 { Black resigns } 1-0

[Event "ICC tourney 2287 (60 10)"]
[Site "Internet Chess Club"]
[Date "2021.01.09"]
[Round "3"]
[White "rkanury1"]
[Black "xiaoyiyi"]
[Result "1-0"]
[ICCResult "Black resigns"]
[WhiteElo "1672"]
[BlackElo "1422"]
[Opening "Sicilian: Alapin's variation (2.c3)"]
[ECO "B22"]
[NIC "SI.47"]
[Time "16:02:23"]
[PlyCount "105"]
[TimeControl "3600+10"]

1. e4 c5 2. c3 Nf6 3. e5 Nd5 4. d4 cxd4 5. cxd4 e6 6. Nc3 Nxc3 7. bxc3 Qc7
8. Bd2 d6 9. Nf3 Be7 10. Bd3 Nd7 11. exd6 Bxd6 12. Qe2 O-O 13. O-O b6 14.
Qe4 Nf6 15. Qh4 Bb7 16. Bg5 Bxf3 17. Bxf6 Bxh2+ 18. Qxh2 Qxh2+ 19. Kxh2
Bxg2 20. Kxg2 gxf6 21. Rh1 Rfc8 22. Bxh7+ Kf8 23. Be4 Rab8 24. Rh8+ Ke7 25.
Rxc8 Rxc8 26. Rc1 b5 27. Rc2 Kd6 28. Bd3 a6 29. c4 bxc4 30. Rxc4 Rxc4 31.
Bxc4 a5 32. Kf3 f5 33. Ke3 f6 34. Bd3 Kd5 35. f4 e5 36. dxe5 fxe5 37. Bxf5
exf4+ 38. Kxf4 Kc5 39. a4 Kb4 40. Bd7 Kc5 41. Ke5 Kb6 42. Kd6 Ka7 43. Kc6
Ka6 44. Bc8+ Ka7 45. Kb5 Kb8 46. Be6 Kc7 47. Kxa5 Kb7 48. Kb5 Ka7 49. Bd5
Kb8 50. Kb6 Kc8 51. a5 Kb8 52. a6 Kc8 53. a7 { Black resigns } 1-0

[Event "ICC tourney 2287 (60 10)"]
[Site "Internet Chess Club"]
[Date "2021.01.09"]
[Round "3"]
[White "Smartypants915"]
[Black "che8642"]
[Result "1-0"]
[ICCResult "Black checkmated"]
[WhiteElo "1505"]
[BlackElo "1563"]
[Opening "Queen's pawn: stonewall attack"]
[ECO "D00"]
[NIC "QP.08"]
[Time "16:02:02"]
[PlyCount "111"]
[TimeControl "3600+10"]

1. d4 d5 2. e3 Nf6 3. Bd3 Bg4 4. f3 Bh5 5. g4 Bg6 6. Nh3 e6 7. c3 c5 8. Nf4
Nc6 9. Bc2 Qc7 10. Na3 a6 11. Qe2 Bd6 12. Bd2 cxd4 13. Bxg6 hxg6 14. g5
dxc3 15. Bxc3 Nh5 16. Nxh5 Rxh5 17. f4 d4 18. exd4 Bxf4 19. Qe4 Bxg5 20. d5
Bh4+ 21. Ke2 Ne5 22. dxe6 fxe6 23. Rad1 Rf5 24. Qxh4 Qc6 25. Qg3 Qe4+ 26.
Kd2 Nf3+ 27. Kc1 Qe3+ 28. Kb1 Qe4+ 29. Ka1 Ne5 30. Bxe5 Rxe5 31. Rhe1 Rd5
32. Rxe4 Rxd1+ 33. Nb1 Kf7 34. Qc7+ Kg8 35. Qxb7 Rf8 36. Qxa6 Rff1 37.
Qxe6+ Rf7 38. Qxg6 Rd8 39. Qg5 Rdf8 40. Rg4 Re8 41. a3 Ree7 42. Rh4 Rf6 43.
Qd5+ Ref7 44. Nc3 Rf1+ 45. Ka2 Rf5 46. Qd8+ Rf8 47. Qb6 R5f6 48. Qb3+ R6f7
49. Ne4 g6 50. Ng5 Kg7 51. Qc3+ Rf6 52. Rh7+ Kg8 53. Qc4+ R6f7 54. Rxf7
Rxf7 55. Qxf7+ Kh8 56. Qh7# { Black checkmated } 1-0

[Event "ICC tourney 2287 (60 10)"]
[Site "Internet Chess Club"]
[Date "2021.01.09"]
[Round "3"]
[White "VickyV2011"]
[Black "sswagatha"]
[Result "1-0"]
[ICCResult "Black checkmated"]
[WhiteElo "1056"]
[BlackElo "1301"]
[Opening "Queen's bishop game"]
[ECO "D02"]
[NIC "QP.08"]
[Time "16:02:29"]
[PlyCount "103"]
[TimeControl "3600+10"]

1. d4 d5 2. Nf3 Nf6 3. Bf4 Bf5 4. c3 Nc6 5. e3 e6 6. Bd3 Bg6 7. Qc2 Bd6 8.
Bg3 Qd7 9. Nbd2 a6 10. e4 O-O 11. e5 Be7 12. exf6 Bxf6 13. O-O Rae8 14.
Bxg6 fxg6 15. Ne5 Nxe5 16. Bxe5 Bxe5 17. dxe5 Rf5 18. Nf3 Ref8 19. Rad1 c6
20. b4 Qe7 21. a4 Rh5 22. Qe2 b5 23. axb5 axb5 24. Ra1 h6 25. Rfd1 c5 26.
Qxb5 Rxf3 27. gxf3 Qg5+ 28. Kf1 Rxh2 29. Qb8+ Kh7 30. Ke2 Qg2 31. Rf1 Rh3
32. Qf8 Qg5 33. f4 Qg4+ 34. f3 Qg3 35. Ke3 g5 36. Ra7 gxf4+ 37. Qxf4 Qg2
38. Rf2 Qg1 39. bxc5 Qc1+ 40. Rd2 Qxc3+ 41. Ke2 Qxc5 42. Rxg7+ Kxg7 43.
Qg4+ Kh7 44. Qxh3 Qb5+ 45. Kf2 Qc5+ 46. Kg2 Qe3 47. Rb2 Qxe5 48. Rb7+ Kg6
49. Qg4+ Kf6 50. Qg7+ Kf5 51. Rf7+ Qf6 52. Qxf6# { Black checkmated } 1-0

[Event "ICC tourney 2287 (60 10)"]
[Site "Internet Chess Club"]
[Date "2021.01.09"]
[Round "3"]
[White "TweensGambit"]
[Black "chessrani20"]
[Result "1-0"]
[ICCResult "Black checkmated"]
[WhiteElo "1383"]
[BlackElo "1095"]
[Opening "Sicilian: Alapin's variation (2.c3)"]
[ECO "B22"]
[NIC "SI.46"]
[Time "16:02:00"]
[PlyCount "129"]
[TimeControl "3600+10"]

1. e4 c5 2. c3 e6 3. d4 d5 4. exd5 exd5 5. Nf3 Nf6 6. Bf4 Be7 7. Be2 O-O 8.
O-O Nc6 9. Nbd2 c4 10. b3 b5 11. a4 cxb3 12. Nxb3 bxa4 13. Rxa4 Bb7 14. Ra1
Ne4 15. Qd3 Bd6 16. Bxd6 Qxd6 17. Nbd2 Ne7 18. Rab1 Rab8 19. Qc2 Nxd2 20.
Qxd2 Nf5 21. Bd3 Ne7 22. Rfe1 Nc6 23. Rb2 Bc8 24. Rxb8 Qxb8 25. Qg5 Be6 26.
Qh4 h6 27. Ng5 Qd8 28. Nf3 Qxh4 29. Nxh4 g5 30. Nf3 a5 31. h4 g4 32. Nd2 h5
33. f3 a4 34. Bb5 Bd7 35. Bxa4 Nb8 36. Bxd7 Nxd7 37. fxg4 hxg4 38. Nb3 Nb6
39. Rf1 f5 40. Nc5 Kg7 41. Ne6+ Kg8 42. Nxf8 Kxf8 43. Rxf5+ Ke7 44. h5 Nd7
45. h6 Nf6 46. Kf2 Kf7 47. Ke3 Kg6 48. Rf1 Ng8 49. h7 Kxh7 50. Rf5 Kg6 51.
Rxd5 Ne7 52. Rd6+ Kf7 53. Kf4 Ng6+ 54. Rxg6 Kxg6 55. Ke5 Kf7 56. d5 Ke7 57.
c4 Kd7 58. c5 Ke7 59. d6+ Kd7 60. Kd5 Kc8 61. c6 Kd8 62. d7 Kc7 63. Ke6 Kd8
64. Kd6 g3 65. c7# { Black checkmated } 1-0

[Event "ICC tourney 2287 (60 10)"]
[Site "Internet Chess Club"]
[Date "2021.01.09"]
[Round "3"]
[White "mnm1"]
[Black "pusheen2019"]
[Result "0-1"]
[ICCResult "White resigns"]
[WhiteElo "1508"]
[BlackElo "1499"]
[Opening "French: Tarrasch, open variation"]
[ECO "C07"]
[NIC "FR.18"]
[Time "16:01:59"]
[PlyCount "54"]
[TimeControl "3600+10"]

1. e4 e6 2. d4 d5 3. Nd2 c5 4. c3 Nc6 5. Ne2 Nf6 6. e5 Nd7 7. f4 cxd4 8.
cxd4 Nb6 9. b3 Bd7 10. Nf3 Be7 11. Nc3 a6 12. Bd3 O-O 13. O-O f6 14. a4 Bb4
15. Bb2 Rc8 16. Rc1 fxe5 17. dxe5 Rxf4 18. Qc2 h6 19. Bh7+ Kh8 20. g3 Rxf3
21. Rxf3 Nd4 22. Qg6 Nxf3+ 23. Kg2 Ng5 24. h4 Nxh7 25. Qf7 Qf8 26. Qh5 Bc6
27. Kh2 Qf2+ { White resigns } 0-1

[Event "ICC tourney 2287 (60 10)"]
[Site "Internet Chess Club"]
[Date "2021.01.10"]
[Round "4"]
[White "SASofia"]
[Black "angelinachess"]
[Result "1-0"]
[ICCResult "Black checkmated"]
[WhiteElo "1302"]
[BlackElo "1197"]
[Opening "Four knights: Italian variation"]
[ECO "C47"]
[NIC "KP.06"]
[Time "10:01:44"]
[PlyCount "95"]
[TimeControl "3600+10"]

1. e4 e5 2. Nf3 Nc6 3. Nc3 Nf6 4. Bc4 Nxe4 5. Nxe4 d5 6. Bd3 dxe4 7. Bxe4
Bg4 8. h3 Bh5 9. O-O Nd4 10. Re1 f5 11. Bxb7 Bxf3 12. Bxf3 Nxf3+ 13. Qxf3
Bd6 14. d4 O-O 15. dxe5 Bc5 16. Be3 Bxe3 17. Qxe3 Rb8 18. Rad1 Qe7 19. Qc3
Rb5 20. Qc4+ Qf7 21. Qxb5 Qxa2 22. Qb3+ Qxb3 23. cxb3 Kf7 24. Rd7+ Kg6 25.
e6 a5 26. e7 Re8 27. Rd8 Kf7 28. Rxe8 Kxe8 29. Kf1 g6 30. f4 c6 31. Re5 c5
32. Rxc5 Kxe7 33. Rxa5 Kd6 34. Ra4 Kc5 35. Rc4+ Kb5 36. Ke2 h6 37. Kd3 g5
38. fxg5 hxg5 39. Kd4 g4 40. hxg4 fxg4 41. Ke5 g3 42. Rg4 Kc5 43. b4+ Kb5
44. Kd5 Ka6 45. Kc6 Ka7 46. b5 Ka8 47. Kb6 Kb8 48. Rg8# { Black checkmated
} 1-0

[Event "ICC tourney 2287 (60 10)"]
[Site "Internet Chess Club"]
[Date "2021.01.10"]
[Round "4"]
[White "PrincessOfChess"]
[Black "rkanury1"]
[Result "0-1"]
[ICCResult "White resigns"]
[WhiteElo "1526"]
[BlackElo "1672"]
[Opening "Sicilian: dragon, Yugoslav attack, Rauser variation"]
[ECO "B76"]
[NIC "SI.33"]
[Time "10:01:19"]
[PlyCount "26"]
[TimeControl "3600+10"]

1. e4 c5 2. Nf3 Nc6 3. d4 cxd4 4. Nxd4 g6 5. Nc3 Bg7 6. Be3 Nf6 7. f3 O-O
8. Qd2 d6 9. O-O-O Bd7 10. g4 Rc8 11. h4 Bxg4 12. fxg4 Nxg4 13. Bg1 Bh6 {
White resigns } 0-1

[Event "ICC tourney 2287 (60 10)"]
[Site "Internet Chess Club"]
[Date "2021.01.10"]
[Round "4"]
[White "xiaoyiyi"]
[Black "thihansa"]
[Result "1-0"]
[ICCResult "Black checkmated"]
[WhiteElo "1422"]
[BlackElo "1231"]
[Opening "French: Tarrasch, closed variation"]
[ECO "C05"]
[NIC "FR.17"]
[Time "10:01:43"]
[PlyCount "115"]
[TimeControl "3600+10"]

1. e4 e6 2. d4 d5 3. Nd2 Nf6 4. e5 Nfd7 5. c3 c5 6. Bd3 Nc6 7. Ngf3 g6 8.
O-O Bg7 9. Nb3 c4 10. Bg5 Qc7 11. Bxc4 dxc4 12. Nbd2 b5 13. Ne4 O-O 14. Nd6
a6 15. Qd2 Nb6 16. Bf6 Bb7 17. Qg5 Rfb8 18. Bxg7 Kxg7 19. Qf6+ Kg8 20. Ng5
Qe7 21. Qf4 Qf8 22. Qh4 Qg7 23. Ndxf7 Nd8 24. Nxd8 Rxd8 25. Nxe6 Qf7 26.
Nxd8 Qd5 27. Nxb7 Qxb7 28. Rfe1 Re8 29. Rad1 Nd5 30. Re4 Qe7 31. Qxe7 Rxe7
32. Ree1 Nf4 33. d5 Nd3 34. d6 Rxe5 35. Rxe5 Nxe5 36. d7 Nf7 37. d8=Q+ Nxd8
38. Rxd8+ Kf7 39. Ra8 Ke6 40. Rxa6+ Kd5 41. Ra7 h5 42. Rg7 g5 43. Rxg5+ Kc6
44. Rxh5 Kb6 45. Rf5 Ka5 46. g4 Ka4 47. g5 b4 48. cxb4 Kxb4 49. g6 c3 50.
bxc3+ Kxc3 51. g7 Kb2 52. g8=Q Kc3 53. Qb3+ Kd4 54. Rd5+ Ke4 55. Qd3+ Kf4
56. Qe3+ Kg4 57. Rg5+ Kh4 58. Qg3# { Black checkmated } 1-0

[Event "ICC tourney 2287 (60 10)"]
[Site "Internet Chess Club"]
[Date "2021.01.10"]
[Round "4"]
[White "sswagatha"]
[Black "MeeraBLab"]
[Result "0-1"]
[ICCResult "White checkmated"]
[WhiteElo "1301"]
[BlackElo "1177"]
[Opening "King's Indian defense, 3.Nc3"]
[ECO "E61"]
[NIC "KI.76"]
[Time "10:01:31"]
[PlyCount "124"]
[TimeControl "3600+10"]

1. d4 Nf6 2. c4 g6 3. Nc3 Bg7 4. Nf3 d6 5. Bf4 O-O 6. e3 Nbd7 7. Bd3 Qe8 8.
O-O e5 9. dxe5 dxe5 10. Bg5 e4 11. Bxf6 Nxf6 12. Bxe4 Nxe4 13. Nd5 Qd8 14.
Qb3 Nf6 15. Nf4 Qd6 16. Rad1 Qb6 17. Qc2 Bf5 18. Qe2 Ne4 19. Nd5 Qxb2 20.
Qe1 Qa3 21. Nxc7 Rac8 22. Nb5 Qa6 23. Nh4 Be6 24. f3 Nf6 25. f4 Bxc4 26.
Nd6 Bxf1 27. Nxc8 Rxc8 28. Qxf1 Qxf1+ 29. Kxf1 Ng4 30. Ke2 Rc2+ 31. Kf3 f5
32. Rd8+ Bf8 33. e4 Rc3+ 34. Ke2 fxe4 35. Kd2 Rd3+ 36. Rxd3 exd3 37. Kxd3
Nxh2 38. g3 Ng4 39. Kc4 Kf7 40. Kd5 Ke8 41. Ke6 Be7 42. f5 gxf5 43. Kxf5
Bxh4 44. Kxg4 Bxg3 45. Kxg3 a5 46. Kf4 h5 47. Kg5 b5 48. Kxh5 b4 49. Kg4 a4
50. Kf3 b3 51. axb3 axb3 52. Ke3 b2 53. Kd2 b1=Q 54. Ke3 Qb4 55. Kd3 Kd7
56. Ke3 Ke6 57. Kd3 Kd5 58. Ke2 Qc3 59. Kd1 Qb2 60. Ke1 Ke4 61. Kf1 Kf3 62.
Ke1 Qe2# { White checkmated } 0-1

[Event "ICC tourney 2287 (60 10)"]
[Site "Internet Chess Club"]
[Date "2021.01.10"]
[Round "4"]
[White "Smartypants915"]
[Black "TigerSahi"]
[Result "1-0"]
[ICCResult "Black checkmated"]
[WhiteElo "1505"]
[BlackElo "1662"]
[Opening "Old Indian: Ukrainian variation"]
[ECO "A53"]
[NIC "OI.04"]
[Time "10:01:45"]
[PlyCount "135"]
[TimeControl "3600+10"]

1. d4 Nf6 2. c4 d6 3. Nc3 e5 4. dxe5 dxe5 5. Qxd8+ Kxd8 6. Bg5 Be7 7.
O-O-O+ Nbd7 8. Nf3 h6 9. Nxe5 Ke8 10. Nxd7 Bxd7 11. Bf4 c6 12. e3 Bb4 13.
Ne2 Ne4 14. Bg3 Bf5 15. f3 Nf6 16. e4 Bh7 17. Nd4 Rd8 18. Be2 Bc5 19. Nc2
Nh5 20. Rxd8+ Kxd8 21. Rd1+ Kc8 22. Be5 f6 23. Bd4 Bd6 24. g3 a6 25. Bb6
Bc7 26. Bxc7 Kxc7 27. Nd4 Re8 28. Bf1 g5 29. Bh3 Ng7 30. Kd2 Rd8 31. Ke2
Bg8 32. b3 Bf7 33. c5 Re8 34. Nf5 Nxf5 35. Bxf5 Rd8 36. Rxd8 Kxd8 37. Kd3
Be8 38. f4 Bd7 39. Bxd7 Kxd7 40. Kd4 Ke6 41. f5+ Kf7 42. e5 fxe5+ 43. Kxe5
Ke7 44. f6+ Kf7 45. Kf5 Kf8 46. Kg6 Kg8 47. Kxh6 Kf7 48. Kxg5 Kf8 49. Kg6
Kg8 50. h4 a5 51. h5 Kf8 52. f7 Ke7 53. Kg7 Ke6 54. f8=Q Ke5 55. Qf6+ Kd5
56. Qf5+ Kd4 57. Kf6 Ke3 58. Qg4 Kd3 59. Qf4 Kc3 60. Qe4 Kb2 61. Qd3 Ka3
62. Qc3 Kxa2 63. b4 axb4 64. Qxb4 Ka1 65. Ke5 Ka2 66. Kd4 Ka1 67. Kc3 Ka2
68. Qb2# { Black checkmated } 1-0

[Event "ICC tourney 2287 (60 10)"]
[Site "Internet Chess Club"]
[Date "2021.01.10"]
[Round "4"]
[White "che8642"]
[Black "VickyV2011"]
[Result "1-0"]
[ICCResult "Black checkmated"]
[WhiteElo "1563"]
[BlackElo "1056"]
[Opening "Queen's pawn game"]
[ECO "A45"]
[NIC "QP.07"]
[Time "10:01:42"]
[PlyCount "127"]
[TimeControl "3600+10"]

1. d4 Nf6 2. Nc3 e6 3. Bf4 c5 4. e3 cxd4 5. exd4 b6 6. Nf3 Bb7 7. Bc4 Be7
8. O-O O-O 9. d5 Bxd5 10. Nxd5 Nxd5 11. Bxd5 exd5 12. Qxd5 Na6 13. a3 d6
14. Rad1 Nc7 15. Qd3 Ne8 16. Nd2 Nf6 17. Nc4 d5 18. Ne3 Rc8 19. Rfe1 Re8
20. Nxd5 Qxd5 21. Qxd5 Nxd5 22. Rxd5 Rxc2 23. Rxe7 Rec8 24. Red7 Re8 25.
Rd8 Rc8 26. Rxe8+ Rxe8 27. Kf1 Kf8 28. Bd6+ Kg8 29. Bb4 a5 30. Bc3 Kf8 31.
Rb5 g6 32. Rxb6 Ke7 33. Bxa5 Kd7 34. Rb7+ Ke6 35. Rb3 Kd7 36. Rd3+ Kc6 37.
Bc3 Kc5 38. a4 Ra8 39. a5 f5 40. Rd7 h6 41. Rh7 h5 42. Rg7 Ra6 43. Rb7 Kc4
44. Rb6 Ra8 45. Rxg6 Kb3 46. a6 Ka2 47. Bd4 Kb3 48. a7 Kc4 49. Be3 f4 50.
Bb6 Kb3 51. Rd6 Rxa7 52. Bxa7 Kxb2 53. Rf6 Kc1 54. Rxf4 Kd2 55. Re4 Kd3 56.
Re3+ Kc4 57. f4 Kd5 58. f5 Kd6 59. f6 Kc6 60. f7 Kd7 61. f8=Q Kc7 62. Qf6
Kd7 63. Re7+ Kd8 64. Qf8# { Black checkmated } 1-0

[Event "ICC tourney 2287 (60 10)"]
[Site "Internet Chess Club"]
[Date "2021.01.10"]
[Round "4"]
[White "pusheen2019"]
[Black "chessamongus"]
[Result "1/2-1/2"]
[ICCResult "Game drawn by mutual agreement"]
[WhiteElo "1499"]
[BlackElo "1705"]
[Opening "Sicilian: Alapin's variation (2.c3)"]
[ECO "B22"]
[NIC "SI.46"]
[Time "10:01:19"]
[PlyCount "67"]
[TimeControl "3600+10"]

1. e4 c5 2. c3 g6 3. d4 cxd4 4. cxd4 d5 5. e5 Bg7 6. Nc3 Nc6 7. Be3 Nh6 8.
f4 Bg4 9. Be2 Bxe2 10. Ngxe2 Nf5 11. Bf2 e6 12. h4 h5 13. Nb1 f6 14. Nd2
Qb6 15. Nb3 Qb4+ 16. Kf1 fxe5 17. fxe5 O-O 18. Kg1 Rf7 19. Nf4 Nfxd4 20.
Nxg6 Nxb3 21. axb3 Nxe5 22. Nxe5 Bxe5 23. Qxh5 Bg7 24. Rf1 Raf8 25. Rh3
Rxf2 26. Rxf2 Qe1+ 27. Kh2 Be5+ 28. Qxe5 Qxe5+ 29. Rg3+ Qxg3+ 30. Kxg3 Rxf2
31. Kxf2 Kg7 32. g4 d4 33. Ke2 e5 34. Kd3 { Game drawn by mutual agreement
} 1/2-1/2